 Dungeon Crawl Stone Soup version 0.22-a0-159-g7ce444f (webtiles) character file.

218 wolfsongas the Cudgeler (level 5, 0/41 HPs)
             Began as a Demonspawn Gladiator on Feb 9, 2018.
             Was a Believer of Qazlal.
             Succumbed to an orc's poison
             ... on level 3 of the Dungeon.
             The game lasted 00:04:40 (2306 turns).

wolfsongas the Cudgeler (Demonspawn Gladiator)      Turns: 2306, Time: 00:04:40

Health: 0/41       AC:  7    Str: 15    XL:     5   Next: 63%
Magic:  5/5        EV: 13    Int: 14    God:    Qazlal [**....]
Gold:   134        SH:  2    Dex: 15    Spells: 4/4 levels left

rFire    + . .     SeeInvis .   a - +0 flail
rCold    . . .     Gourm    .   (no shield)
rNeg     . . .     Faith    .   b - +0 leather armour
rPois    .         Spirit   .   c - +0 helmet
rElec    .         Reflect  .   (no cloak)
rCorr    .         Harm     .   (no gloves)
MR       .....                  (no boots)
Stlth    +.........             (no amulet)
HPRegen  0.13/turn              (no ring)
MPRegen  0.09/turn              (no ring)

@: brilliant, lethally poisoned (0 -> -19), flying, hasted, very quick
A: yellow scales 2, fire resistance 1, spiny 1
a: Upheaval, Renounce Religion


You were on level 3 of the Dungeon.
You worshipped Qazlal.
Qazlal was pleased with you.
You were not hungry.

You visited 1 branch of the dungeon, and saw 3 of its levels.

You collected 134 gold pieces.

Inventory:

Hand Weapons
 a - a +0 flail (weapon)
Missiles
 d - 3 throwing nets (quivered)
Armour
 b - a +0 leather armour (worn)
 c - a +0 helmet (worn)
Jewellery
 o - a +4 ring of slaying {unknown}
Wands
 e - a wand of clouds (5)
Scrolls
 h - a scroll of magic mapping
 j - 2 scrolls of remove curse
 k - a scroll of teleportation
Potions
 i - a potion of flight
Comestibles
 f - 3 rations
 m - 8 chunks of flesh


   Skills:
 - Level 3.3 Fighting
 * Level 3.8 Maces & Flails
 - Level 3.0 Throwing
 - Level 3.7 Dodging


You had 4 spell levels left.
You didn't know any spells.

Dungeon Overview and Level Annotations

Branches:
Dungeon (3/15)

Altars:
Elyvilon
Qazlal
Yredelemnul


Innate Abilities, Weirdness & Mutations

You are mostly covered in yellow scales. (AC +3)
Your flesh is heat resistant. (rF+)
You are partially covered in sharp spines.


Message History

Qazlal accepts your kill.
You feel sick. The rat bites you but does no damage.
The orc closely misses you. The rat misses you.
You sock the rat!
You kill the rat!
Qazlal accepts your kill.
You feel sick.
The orc hits you from afar with a trident of venom.
* * * LOW HITPOINT WARNING * * *
You are more poisoned.
It was a potion of brilliance.
You feel clever all of a sudden.
* * * LOW HITPOINT WARNING * * *
You feel sick. The orc misses you.
It was a potion of haste.
You feel yourself speed up.
* * * LOW HITPOINT WARNING * * *
You feel sick. The orc barely misses you.
As you read the scroll of fear, it crumbles to dust.
You assume a fearsome visage.
The orc looks frightened!
You die...

#.###..... ####.#.......
##......###..# ######
##[..(......... ......
#..............
......#####..##.######.#
.......#.....##.# #.#
.....().(###.##.######.#
...>..[@)..#.##.........
......)#.....###.#####.#
.....o.#.........# #..
.?....##....###### ###
...... #...## # ......
#...# # ....< #...#
..... #####


You could see an orc (fleeing).

Vanquished Creatures
  A hound (D:2)
  Natasha (twice) (D:2)
  Robin (D:3)
  3 adders (D:2)
  An ooze (D:1)
  3 dart slugs
  3 leopard geckos
  7 orcs (D:3)
  3 giant cockroaches
  15 goblins
  12 hobgoblins
  2 ball pythons
  7 bats
  4 frilled lizards (D:1)
  10 kobolds
  6 rats
80 creatures vanquished.

Notes
Turn   | Place    | Note
-------+----------+-------------------------------------------
     0 | D:1      | wolfsongas the Demonspawn Gladiator began the quest for the Orb.
     0 | D:1      | Reached XP level 1. HP: 16/16 MP: 1/1
   543 | D:1      | Gained mutation: You are partially covered in yellow scales. (AC +2) [demonic ancestry]
   543 | D:1      | Reached XP level 2. HP: 18/22 MP: 2/2
  1110 | D:1      | Gained mutation: You are partially covered in sharp spines. [demonic ancestry]
  1110 | D:1      | Reached XP level 3. HP: 28/28 MP: 3/3
  1391 | D:2      | Gained mutation: Your flesh is heat resistant. (rF+) [demonic ancestry]
  1391 | D:2      | Reached XP level 4. HP: 19/34 MP: 4/4
  1581 | D:2      | Noticed Natasha
  1585 | D:2      | Killed Natasha
  1649 | D:2      | Found a basalt altar of Yredelemnul.
  1831 | D:2      | Noticed Natasha
  1837 | D:2      | Killed Natasha
  1837 | D:2      | Gained mutation: You are mostly covered in yellow scales. (AC +3) [demonic ancestry]
  1837 | D:2      | Reached XP level 5. HP: 40/41 MP: 5/5
  1894 | D:3      | Found a faded altar of an unknown god.
  1909 | D:3      | Became a worshipper of Qazlal Stormbringer
  1909 | D:3      | Reached * piety under Qazlal
  1954 | D:3      | Noticed Robin
  1969 | D:3      | Killed Robin
  2170 | D:3      | Found a white marble altar of Elyvilon.
  2290 | D:3      | Reached ** piety under Qazlal
  2304 | D:3      | HP: 1/41 [poisoned by an orc]
  2306 | D:3      | Succumbed to an orc's poison

Vault maps used:
D:1:      lemuel_arrival_rhombus
D:2:      first_ration, serial_bayou_pond_b, yredelemnul_altar_generic,
          uniq_natasha
D:3:      chequers_ecumenical_altar_simple_redux, elyvilon_altar_4, uniq_robin

Skill      XL: |  1  2  3  4  5 |
---------------+----------------+-----
Throwing       | 2 3 |  3.0
Dodging        | 3 |  3.7
Maces & Flails | 3 |  3.8
Fighting       | 3 |  3.3

Action                   |  1- 3 |  4- 6 || total
-------------------------+-------+-------++-------
Melee: Flail             |   129 |    64 ||   193
  Use: Scroll            |       |     5 ||     5
       Potion            |       |     4 ||     4
  Eat: Chunk             |     2 |     2 ||     4
       Ration            |       |     1 ||     1
Armor: Leather armour    |    62 |    17 ||    79
Dodge: Dodged            |   116 |    66 ||   182
Block: Other             |       |     5 ||     5

Table legend:
 A = Spawn XP
 B = Non-spawn XP
 C = Spawn XP percentage of total XP
 D = Spawn monster count
 E = Non-spawn monster count
 F = Spawn count percentage of total count
 G = Total turns spent on level
                    A         B        C        D         E        F      G
               +---------+---------+-------+---------+---------+-------+---------
         Total |       0 |     312 |   0.0 |       0 |      80 |   0.0 |  2306
               +---------+---------+-------+---------+---------+-------+---------
           D:1 |       0 |      51 |   0.0 |       0 |      29 |   0.0 |  1272
           D:2 |       0 |     177 |   0.0 |       0 |      18 |   0.0 |   609
           D:3 |       0 |      84 |   0.0 |       0 |      33 |   0.0 |   425
               +---------+---------+-------+---------+---------+-------+---------
